Description

Standard 1gate expo in PvT then basically adept allin.

VOD

https://www.youtube.com/watch?v=-ETYjvUtmfo&feature=youtu.be

Build Order

Get SALT Encoding   

  14  0:20  Pylon  
  16  0:40  Gateway, Assimilator  no gas mining at first for expo, scout after gas
  19  1:20  Nexus  cut at 19, then rally probes to gas after cyber
  19  1:30  Cybernetics Core  
  21  1:40  Assimilator  2nd gas in main
  23  2:05  Warp Gate  just as soon as cyber finishes
  23  2:15  Twilight Council  
  23  2:35  Robotics Facility  
  29  2:55  Resonating Glaives (Chrono Boost)  chrono after you finish 10 probes for natural
  31  3:00  Adept  
  33  3:10  Gateway x2  cut probes at 8 in natural for 2 gates, then build 2 and cut for 3 more gates
  37  3:25  Warp Prism (Chrono Boost)  
  37  3:40  Gateway x3  
Spawning Tool Build Advisor. Get it on Overwolf

Analysis

-1 adept from a normal gateway, then warp in 3 to fill warp prism. Once you reach their base you have 6 gates online and do a full warpin

-Cut natural probes at 8, 2 gates, 2 more probes, 3 gates

if it doesn't work, take a 3rd, get upgrades when your 3rd finsihes, go for blink stalkers + immortals + adepts

Go to:

Details

  • Created by: Dranzogger
  • Published on: Jun 19, 2016
  • Modified on: Jun 22, 2016
  • Patch: Pre-3.8.0
Show
View Real Time Build Order
Export as new Build Order

Comments (1)

On June 20, 2016, 11:32 a.m., StoicLoofah  said:

Thanks for sharing this build. Could you fill in times for the first 3 buildings (Pylon, Gateway, Assimilator)? If those are in there, we can get SALT encodings and get the builds running in real time as well

Create an account to comment!